 Dungeon Crawl Stone Soup version 0.31-a0-845-g9abc20d (webtiles) character file.

Game seed: 4386123772766077563

89 BarneyGumball the Shooter (level 4, -9/36 HPs)
             Began as a Demigod Hunter on Oct 2, 2023.
             Mangled by a gnoll
             ... wielding a +0 flail
              (12 damage)
             ... on level 3 of the Dungeon.
             The game lasted 00:02:27 (1534 turns).

BarneyGumball the Shooter (Demigod Hunter)          Turns: 1534, Time: 00:02:27

Health: -9/36      AC:  3    Str: 18    XL:     4   Next: 10%
Magic:  6/6        EV: 12    Int: 11    God:
Gold:   86         SH:  0    Dex: 21    Spells: 3/3 levels left

rFire   + . .        a - +0 shortbow
rCold   + . .        (shield currently unavailable)
rNeg    . . .        c - +0 leather armour
rPois   +            (no helmet)
rElec   +            (no cloak)
rCorr   +            (no gloves)
SInv    .            (no boots)
Will    .....        (no amulet)
Stlth   ++           j - +6 ring of strength
HPRegen 0.26/turn    (no ring)
MPRegen 0.10/turn

%: no passive effects
@: resistant
A: high MP 1, forlorn, divine attributes
a: no special abilities


You were on level 3 of the Dungeon.
You visited 1 branch of the dungeon, and saw 3 of its levels.

You collected 86 gold pieces.

Inventory:

Hand Weapons
 a - a +0 shortbow (weapon)
Armour
 c - a +0 leather armour (worn)
Jewellery
 j - a +6 ring of strength (left hand)
 m - a ring of fire
Scrolls
 b - a scroll of butterflies
 d - a scroll of summoning {unknown}
 e - 3 scrolls of vulnerability {unknown}
 f - a scroll of identify {unknown}
 g - a scroll of amnesia {unknown}
 n - a scroll of torment {unknown}
 o - a scroll of fear {unknown}
 p - a scroll of teleportation {unknown}
Potions
 h - a potion of haste {unknown}
 i - a potion of curing {unknown}
 k - a potion of resistance
 l - a potion of magic {unknown}


   Skills:
 - Level 1.7 Fighting
 + Level 5.3 Ranged Weapons
 - Level 1.7 Dodging
 - Level 0.8 Stealth


You had 3 spell levels left.
You didn't know any spells.
Your spell library was empty.

Dungeon Overview and Level Annotations

Branches:
Dungeon (3/15)

Portals:
Sewer: D:3


Innate Abilities, Weirdness & Mutations

You have an increased reservoir of magic. (+10% MP)
You shall have no god before yourself.
Your divine heritage dramatically boosts your attributes as you level up.


Message History

The gnoll is heavily wounded.
The gnoll hits you with a +0 club.
Fire: a) +0 shortbow
Press: ? - help, Q - select action Shift-Dir - straight line, f/p - gnoll
Aim: a gnoll, wielding a +0 club (heavily wounded, 68% to hit)
You shoot an arrow. The arrow closely misses the gnoll.
The gnoll barely misses you. The gnoll hits you with a +0 flail!
Fire: a) +0 shortbow
Press: ? - help, Q - select action Shift-Dir - straight line, f/p - gnoll
Aim: a gnoll, wielding a +0 club (heavily wounded, 68% to hit)
You shoot an arrow. The arrow completely misses the gnoll.
The gnoll closely misses you. The gnoll hits you with a +0 flail.
Fire: a) +0 shortbow
Press: ? - help, Q - select action Shift-Dir - straight line, f/p - gnoll
Aim: a gnoll, wielding a +0 club (heavily wounded, 68% to hit)
You shoot an arrow.
The arrow hits the gnoll but does no damage.
The gnoll is heavily wounded.
The gnoll hits you with a +0 club!
* * * LOW HITPOINT WARNING * * *
The gnoll closely misses you. The gnoll hits you with a +0 club.
* * * LOW HITPOINT WARNING * * *
Fire: a) +0 shortbow
Press: ? - help, Q - select action Shift-Dir - straight line, f/p - gnoll
Aim: a gnoll, wielding a +0 club (heavily wounded, 68% to hit)
You shoot an arrow. The arrow hits the gnoll!
You kill the gnoll!
The gnoll closely misses you. x2
You have reached level 4!
Fire: a) +0 shortbow
Press: ? - help, Q - select action Shift-Dir - straight line, f - gnoll
Aim: a gnoll, wielding a +0 flail (68% to hit)
You shoot an arrow. The arrow hits the gnoll.
The gnoll is lightly wounded.
The gnoll hits you with a +0 flail.
* * * LOW HITPOINT WARNING * * *
It was a potion of resistance.
You feel protected. The gnoll hits you with a +0 flail!
You die...

##.#.#.....#
....#.#.....#
......#.....###
.~...........# ##
#~~≈≈~##.#..#
...##~~≈≈≈##†#..#
...~~..~..~~.#..#
..!~~.....~~.#.<#####
#..)..)@..~~.#...†††#
...~~.g...~~.##.###.#
#..~~.....≈~....# .#
.(.##~≈.≈≈##.#... .†
.. #~~.~~##.#.... ...
. ........ ~#....
.... ##......#.......
....#
.......#............#


You could see a gnoll.

Vanquished Creatures
  2 gnolls (D:3)
  A river rat (D:3)
  A worm (D:2)
  2 dart slugs (D:2)
  2 bats (D:2)
  4 endoplasms
  A giant cockroach (D:2)
  4 goblins
  6 hobgoblins (D:1)
  7 jackals
  3 kobolds (D:2)
  3 quokkas
  5 ball pythons
  A frilled lizard (D:1)
  7 rats
49 creatures vanquished.

Notes
Turn   | Place    | Note
-------+----------+-------------------------------------------
     0 | D:1      | BarneyGumball the Demigod Hunter began the quest for the
                  | Orb.
     0 | D:1      | Reached XP level 1. HP: 17/17 MP: 3/3
    80 | D:1      | Reached skill level 4 in Ranged Weapons
    99 | D:1      | Reached XP level 2. HP: 24/24 MP: 4/4
   667 | D:2      | Reached XP level 3. HP: 29/29 MP: 5/5
  1385 | D:3      | Reached skill level 5 in Ranged Weapons
  1483 | D:3      | Found a glowing drain.
  1533 | D:3      | Reached XP level 4. HP: 7/36 MP: 6/6
  1534 | D:3      | Mangled by a gnoll

Illustrated notes

Levels and vault maps discovered:
D:1:      minmay_arrival_statue_studded, layout_rooms
D:2:      layout_basic, dreamdust_princess_corridor
D:3:      cheibrodos_thug_alley, layout_basic, cheibrodos_sewer_entry_sluice,
          serial_shops, shop, hellmonk_ecumenical_altar_blasted,
          minmay_pentomino_pile

Skill      XL: |  1  2  3 |
---------------+----------+-----
Ranged Weapons | 4 5 |  5.3
Fighting       | |  1.7
Dodging        | |  1.7
Stealth        | |  0.8

Action                     |  1- 3 |  4- 6 || total
---------------------------+-------+-------++-------
   Fire: Shortbow          |   138 |     1 ||   139
    Use: Potion            |       |     1 ||     1
 Armour: Leather armour    |    39 |     2 ||    41
  Dodge: Dodged            |    37 |       ||    37

Table legend: (Time is in decaauts)
 A = Elapsed time spent in this place.
 B = Non-inter-level travel time spent in this place.
 C = Inter-level travel time spent in this place.
 D = Time resting spent in this place.
 E = Time spent auto-exploring this place.
 F = Levels seen in this place.
 G = Mean time per level.
                   A        B        C        D        E       F      G
               +--------+--------+--------+--------+--------+-----+--------+
         Total |   1562 |   1543 |     19 |     90 |   1193 |   3 |  520.7 |
       Dungeon |   1562 |   1543 |     19 |     90 |   1193 |   3 |  520.7 |
               +--------+--------+--------+--------+--------+-----+--------+

Top non-repeatable levels by time:
     D:2: 900 daAuts
     D:1: 483 daAuts
     D:3: 178 daAuts
